 Dungeon Crawl Stone Soup version 0.27-a0-695-gb4952372f7 (webtiles) character file.

Game seed: 6232290449689068037

501 Lanoc the Covert (level 7, 0/38 HPs)
             Began as a Vine Stalker Delver on Mar 21, 2021.
             Slain by an orc warrior
             ... wielding a +0 scimitar
              (18 damage)
             ... on level 10 of the Dungeon.
             The game lasted 00:08:22 (4432 turns).

Lanoc the Covert (Vine Stalker Delver)              Turns: 4432, Time: 00:08:23

Health: 0/38       AC:  3    Str: 14    XL:     7   Next: 17%
Magic:  0/8        EV: 13    Int: 10    God:
Gold:   255        SH:  0    Dex: 18    Spells: 6/6 levels left

rFire    . . .     SeeInvis .   a - +2 dagger (speed)
rCold    . . .     Faith    .   (no shield)
rNeg     . . .     Spirit   +   v - +1 robe {Will+}
rPois    .         Reflect  .   (no helmet)
rElec    .         Harm     .   (no cloak)
rCorr    .         Rampage  .   (no gloves)
Will     +....                  (no boots)
Stlth    ++++......             (no amulet)
HPRegen  1.12/turn              (no ring)
MPRegen  0.11/turn              (no ring)

@: studying Stealth
A: fangs 2, regeneration 1, magic shield, antimagic bite, no potion heal 3
a: no special abilities


You were on level 10 of the Dungeon.
You visited 1 branch of the dungeon, and saw 9 of its levels.

You collected 255 gold pieces.

Inventory:

Hand Weapons
 a - a +2 dagger of speed (weapon)
 b - a +0 hunting sling of venom
 l - a +0 falchion
Missiles
 j - 94 stones (quivered)
Armour
 v - a +1 robe of willpower (worn)
Wands
 g - a wand of digging (3)
Scrolls
 c - a scroll of fog
 d - a scroll of magic mapping
 e - a scroll of fear
 q - 2 scrolls of amnesia
 t - a scroll of vulnerability
 u - a scroll of holy word
Potions
 f - 3 potions of haste
 k - 3 potions of lignification
 m - 3 potions of curing
 n - 3 potions of cancellation
 r - a potion of flight


   Skills:
 + Level 4.5 Fighting
 - Level 3.1 Long Blades
 + Level 3.6 Dodging
 + Level 8.9 Stealth


You had 6 spell levels left.
You didn't know any spells.
Your spell library contained the following spells:

 Spells                   Type           Power      Damage    Failure   Level
 Animate Skeleton         Necr           0%         N/A       36%         1
 Apportation              Tloc           0%         N/A       36%         1
 Corona                   Hex            0%         N/A       36%         1
 Summon Small Mammal      Summ           0%         N/A       36%         1


Dungeon Overview and Level Annotations

Branches:
Dungeon (10/15)              Lair (0/6) D:10
 Temple: D:4-7          Orc: D:9-12

Altars:
Elyvilon
Ru
Trog

Shops:
D:9 =

Annotations:
D:8 Gastronok


Innate Abilities, Weirdness & Mutations

You have extremely sharp teeth.
Your natural rate of healing is unusually fast.
When hurt, damage is shared between your health and your magic reserves.
Your bite disrupts and absorbs the magic of your enemies.
Potions cannot restore your health.


Message History

You bite the orc warrior, but do no damage.
The orc warrior is lightly wounded.
The orc warrior hits you with a +0 scimitar!
You hit the orc warrior.
The orc warrior is moderately wounded.
You hit the orc warrior.
The orc warrior is moderately wounded.
The orc warrior hits you with a +0 scimitar!
You hit the orc warrior but do no damage.
You bite the orc warrior, but do no damage.
The orc warrior is moderately wounded.
You closely miss the orc warrior. Your bite misses the orc warrior.
The orc warrior is moderately wounded.
The orc warrior hits you with a +0 scimitar!
* * * LOW HITPOINT WARNING * * *
The orc warrior looks more healthy.
You closely miss the orc warrior.
The orc warrior is severely wounded.
The orc warrior hits you with a +0 scimitar!
You hit the orc warrior but do no damage.
You bite the orc warrior, but do no damage.
The orc warrior is severely wounded.
You hit the orc warrior.
The orc warrior is almost dead.
The orc warrior closely misses you.
You hit the orc warrior. Your bite misses the orc warrior.
The orc warrior is almost dead.
The orc warrior hits you with a +0 scimitar!
* * * LOW HITPOINT WARNING * * *
You hit the orc warrior.
The orc warrior is almost dead.
You closely miss the orc warrior.
The orc warrior is almost dead.
The orc warrior barely misses you.
You barely miss the orc warrior.
The orc warrior is almost dead.
You hit the orc warrior. Your bite misses the orc warrior.
The orc warrior is almost dead.
The orc warrior hits you with a +0 scimitar!!
You die...

#.# .# ##.# #...# #..+
#...## ########..+
#....# ..........+
#....#
..........#######....#
.....................#
.......@o............#
##+####+########.....###
.......#........
.......+........
..........######
#.......#...≈..
#.........#...#
#........##PPP#
#...##.#...PPP.


You could see an orc warrior.

Vanquished Creatures
  Sigmund (D:5)
  A phantom (D:10)
  A scorpion (D:3)
  A hound (D:4)
  A worker ant (D:10)
  A hound skeleton (D:9)
  4 adders
  2 white imps
  An ooze (D:3)
  An adder skeleton (D:9)
  3 worms (D:2)
  A dart slug (D:3)
  3 leopard geckos
  5 orcs
  6 giant cockroaches
  7 goblins
  7 hobgoblins
  8 jackals
  A quokka (D:4)
  2 ball pythons
  10 bats
  7 frilled lizards
  7 kobolds
  9 rats
90 creatures vanquished.

Notes
Turn   | Place    | Note
-------+----------+-------------------------------------------
     0 | D:5      | Lanoc the Vine Stalker Delver began the quest for the Orb.
     0 | D:5      | Reached XP level 1. HP: 11/11 MP: 2/2
   163 | D:4      | Noticed a hound
   216 | D:2      | Reached XP level 2. HP: 13/16 MP: 3/3
   378 | D:2      | Reached XP level 3. HP: 12/20 MP: 4/4
  1565 | D:1      | Gained mutation: Your natural rate of healing is unusually
                  | fast. [Vine Stalker growth]
  1565 | D:1      | Reached XP level 4. HP: 23/24 MP: 5/5
  2363 | D:3      | Reached XP level 5. HP: 23/28 MP: 6/6
  2466 | D:3      | Found a bloodstained altar of Trog.
  2535 | D:3      | Found a sacrificial altar of Ru.
  2645 | D:3      | Reached skill level 7 in Stealth
  3719 | D:5      | Reached XP level 6. HP: 33/33 MP: 7/7
  3746 | D:5      | Found a white marble altar of Elyvilon.
  3901 | D:5      | Noticed Sigmund
  3926 | D:5      | Killed Sigmund
  3927 | D:5      | Reached skill level 8 in Stealth
  4062 | D:6      | You fall into a shaft and drop 2 floors!
  4066 | D:8      | Noticed Gastronok
  4075 | D:8      | Noticed an orc warrior
  4076 | D:8      | You fall into a shaft and drop 1 floor!
  4159 | D:9      | Noticed a wyvern
  4176 | D:9      | Noticed a troll
  4216 | D:9      | Found Caukihec's Jewellery Shop.
  4256 | D:10     | Entered Level 10 of the Dungeon
  4330 | D:10     | Found a staircase to the Lair.
  4366 | D:10     | Reached XP level 7. HP: 38/38 MP: 8/8
  4432 | D:10     | Slain by an orc warrior

Illustrated notes

Levels and vault maps discovered:
D:1:      dpeg_arrival_arbitrary_a, layout_basic, serial_curves, eino_curves_04,
          eino_curves_04
D:2:      layout_rooms
D:3:      minmay_spotlight, layout_basic, lightli_temple_of_fire,
          nicolae_ru_the_path_less_chosen
D:4:      layout_loops_ring
D:5:      layout_basic, old_standard_altar, uniq_sigmund
D:6:      kennysheep_orc_sif_temple, layout_loops_corners,
          grunt_temple_overflow_forces_of_nature,
          minmay_temple_entry_drinking_statues, serial_glass, glass_columns_a,
          glass_columns_b, glass_columns_c, glass_columns_a, glass_columns_a,
          gammafunk_ghost_grave
D:8:      layout_rooms, marbit_many_paths, ebering_ghost_xom,
          minmay_pinched_square, uniq_gastronok
D:9:      layout_basic, gammafunk_temple_overflow_pools, serial_shops,
          nicolae_shop_crystal
D:10:     layout_irregular_city, dpeg_oklobed_lair, serial_shops,
          nicolae_shop_trees, uniq_maurice

Skill      XL: |  1  2  3  4  5  6 |
---------------+-------------------+-----
Long Blades    | 2 3 |  3.1
Fighting       | 3 4 |  4.5
Dodging        | 2 3 |  3.6
Stealth        | 7 8 |  8.9

Action                   |  1- 3 |  4- 6 |  7- 9 || total
-------------------------+-------+-------+-------++-------
Melee: Falchion          |    36 |       |       ||    36
       Bite              |    13 |    46 |     3 ||    62
       Dagger            |    44 |   172 |    14 ||   230
 Fire: Hunting sling     |    25 |     7 |     4 ||    36
Throw: Stone             |     1 |       |       ||     1
  Use: Scroll            |       |    10 |       ||    10
       Potion            |       |     2 |       ||     2
 Stab: Sleeping          |    10 |    20 |       ||    30
Armor: Leather armour    |    19 |    15 |       ||    34
       Robe              |       |     1 |       ||     1
Dodge: Dodged            |    36 |    64 |     2 ||   102
       Rpst.: Falchion   |     8 |       |       ||     8

Table legend: (Time is in decaauts)
 A = Elapsed time spent in this place.
 B = Non-inter-level travel time spent in this place.
 C = Inter-level travel time spent in this place.
 D = Time resting spent in this place.
 E = Time spent auto-exploring this place.
 F = Levels seen in this place.
 G = Mean time per level.
                   A        B        C        D        E       F      G
               +--------+--------+--------+--------+--------+-----+--------+
         Total |   4333 |   4227 |    106 |      0 |   3332 |   9 |  481.4 |
       Dungeon |   4333 |   4227 |    106 |      0 |   3332 |   9 |  481.4 |
               +--------+--------+--------+--------+--------+-----+--------+

Top non-repeatable levels by time:
     D:2: 1004 daAuts
     D:1: 980 daAuts
     D:5: 876 daAuts
     D:4: 607 daAuts
     D:3: 510 daAuts
     D:9: 167 daAuts
    D:10: 160 daAuts
     D:8: 13 daAuts
     D:6: 12 daAuts
